 Dungeon Crawl Stone Soup version 0.25-a0-940-gc6eaff51cc (webtiles) character file.

Game seed: 12793149369237818592, levelgen mode: classic

40551 Amnesiac the Slinger (level 13, -3/74 HPs)
             Began as a Deep Elf Wizard on May 5, 2020.
             Was a High Priest of Okawaru.
             Slain by a five-headed hydra (7 damage)
             ... on level 5 of the Lair of Beasts.
             The game lasted 01:03:21 (28722 turns).

Amnesiac the Slinger (Deep Elf Wizard)             Turns: 28722, Time: 01:03:21

Health: -3/74      AC:  7    Str:  4    XL:     13   Next: 75%
Magic:  0/30       EV: 19    Int: 29    God:    Okawaru [*****.]
Gold:   1159       SH:  0    Dex: 13    Spells: 22/34 levels left

rFire    + + +     SeeInvis .   H - +9 hunting sling "Deuth" {speed, rF++}
rCold    + . .     Gourm    .   (no shield)
rNeg     + . .     Faith    .   c - +0 robe
rPois    .         Spirit   +   z - +0 helmet
rElec    .         Reflect  .   J - +2 cloak of the Accordion {rN+}
rCorr    .         Harm     .   (no gloves)
MR       +....                  E - +0 pair of boots
Stlth    ++++......             e - amulet of guardian spirit
HPRegen  0.22/turn              g - ring of protection from cold
MPRegen  0.22/turn              N - ring of protection from fire

@: no status effects
A: no striking features
a: Heroism, Finesse, Renounce Religion


You were on level 5 of the Lair of Beasts.
You worshipped Okawaru.
Okawaru was extremely pleased with you.
You were not hungry.

You visited 3 branches of the dungeon, and saw 18 of its levels.
You also visited: Gauntlet.

You collected 1159 gold pieces.

Inventory:

Hand Weapons
 s - a +3 eveningstar
 H - the +9 hunting sling "Deuth" (weapon) {speed, rF++}
   (You found it on level 7 of the Dungeon)

   Attacks with this weapon are significantly faster.
   It greatly protects you from fire.
 Q - the cursed +1 dire flail "Laih Rep" {freeze, Fragile Int+3 SInv}
   (You took it off a minotaur in a Gauntlet)

   It has been specially enchanted to freeze those struck by it, causing extra
   injury to most foes and up to half again as much damage against particularly
   susceptible opponents.
   It can also slow down cold-blooded creatures.
   It affects your intelligence (+3).
   It lets you see invisible.
   It will be destroyed if unequipped.
   It has a curse placed upon it.
Missiles
 a - 46 stones (quivered)
 j - 8 curare-tipped darts
 m - 59 poisoned darts
 u - 150 sling bullets
Armour
 c - a +0 robe (worn)
 z - a +0 helmet (worn)
 E - a +0 pair of boots (worn)
 G - the +1 ring mail of Feasting {MR++ Str+3}
   (You found it on level 4 of the Lair of Beasts)

   It affects your strength (+3).
   It affects your resistance to hostile enchantments.
 J - the +2 cloak of the Accordion (worn) {rN+}
   (You found it in a Gauntlet)

   It protects you from negative energy.
 L - a +0 troll leather armour
 P - a +1 cloak of magic resistance
 T - the cursed +1 robe "Vadghod" {rElec MR+ rCorr, unknown}
   (You found it in a Gauntlet)

   It insulates you from electricity.
   It affects your resistance to hostile enchantments.
   It provides partial protection from all sources of acid and corrosion.
   It has a curse placed upon it.
 V - +2 fire dragon scales
Jewellery
 e - an amulet of guardian spirit (around neck)
 g - a ring of protection from cold (left hand)
 i - an uncursed ring of flight
 C - an uncursed ring of wizardry
 N - a ring of protection from fire (right hand)
 R - the ring "Ytim Ele" {Wiz SInv}
   (You took it off a minotaur in a Gauntlet)

   [ring of wizardry]

   It improves your spell success rate.
   It lets you see invisible.
Wands
 f - a wand of iceblast (9)
 t - a wand of random effects (9)
 y - a wand of flame (54)
 A - a wand of paralysis (9)
 K - a wand of clouds (5)
Scrolls
 h - 4 scrolls of remove curse {!r}
 n - a scroll of fog {!r, unknown}
 o - 7 scrolls of teleportation {!r}
 q - 4 scrolls of blinking {!r}
 w - 2 scrolls of magic mapping {!r}
 x - a scroll of enchant weapon {!r}
 D - 4 scrolls of amnesia {!r}
 F - 3 scrolls of enchant armour {!r}
 M - a scroll of fear {!r, unknown}
 O - a scroll of vulnerability {!r}
Potions
 b - 3 potions of lignification {!q}
 l - 2 potions of magic {!q}
 p - 3 potions of invisibility {!q}
 r - a potion of flight {!q}
 v - a potion of might {!q}
 B - a potion of haste {!q}
Miscellaneous
 U - a box of beasts
Comestibles
 d - 26 rations


   Skills:
 - Level 6.0 Fighting
 - Level 12.0 Slings
 + Level 11.3 Dodging
 - Level 8.0 Stealth
 - Level 11.0 Spellcasting
 - Level 10.0 Conjurations
 - Level 1.1 Summonings
 - Level 1.1 Translocations
 - Level 8.0 Invocations
 - Level 4.0 Evocations


You had 22 spell levels left.
You knew the following spells:

 Your Spells              Type           Power        Failure   Level  Hunger
a - Magic Dart            Conj           ####         1%          1    None
b - Call Imp              Summ           ###.....     3%          2    None
c - Apportation           Tloc           ###...       2%          1    None
e - Mephitic Cloud        Conj/Pois/Air  #####...     2%          3    None
s - Conjure Flame         Conj/Fire      #####...     1%          3    None
v - Blink                 Tloc           N/A          3%          2    None

Your spell library contained the following spells:

 Spells                   Type           Power        Failure   Level  Hunger
 Dazzling Flash           Conj/Hex       #####.       1%          3    None
 Summon Small Mammal      Summ           ###.         2%          1    None
 Animate Skeleton         Necr           N/A          3%          1    None
 Corona                   Hex            ###....      3%          1    None
 Ensorcelled Hibernation  Hex/Ice        ###...       4%          2    None
 Slow                     Hex            ###.....     4%          2    None
 Fulminant Prism          Conj/Hex       #####.....   4%          4    None
 Confusing Touch          Hex            ###.....     10%         3    None
 Spectral Weapon          Hex/Chrm       ###.....     10%         3    None
 Irradiate                Conj/Tmut      #####.....   12%         5    ###....
 Hydra Form               Tmut           ###.......   99%         6    #####..
 Invisibility             Hex            ###.....     99%         6    #####..
 Statue Form              Tmut/Erth      ###......    99%         6    #####..
 Dragon Form              Tmut           ###.......   100%        7    ######.


Dungeon Overview and Level Annotations

Branches:
Dungeon (11/15)            Temple (0/1) D:6            Lair (6/6) D:9
  Swamp (0/4) Lair:4       Spider (0/4) Lair:3          Orc (1/2) D:10
Gauntlet (visited)
  Slime: Lair:5-6

Altars:
Dithmenos
Nemelex Xobeh
Okawaru
Qazlal
Ru
Sif Muna
Uskayaw
Wu Jian
Xom
The Shining One

Shops:
D:6 }

Portals:
Trove: D:10 (give +3 gold dragon scales)


Message History

You shoot a stone. The stone barely misses the spiny frog.
Firing (i - inventory. (/) - cycle)
a - 51 stones (quivered)
Press: ? - help, Shift-Dir - straight line, f/p - spiny frog
Aim: a spiny frog (lightly wounded)
You shoot a stone. The stone hits the spiny frog!
The spiny frog is moderately wounded.
Firing (i - inventory. (/) - cycle)
a - 50 stones (quivered)
Press: ? - help, Shift-Dir - straight line, f/p - spiny frog
Aim: a spiny frog (moderately wounded)
You shoot a stone. The stone hits the spiny frog.
The spiny frog is moderately wounded.
Firing (i - inventory. (/) - cycle)
a - 49 stones (quivered)
Press: ? - help, Shift-Dir - straight line, f/p - spiny frog
Aim: a spiny frog (moderately wounded)
You shoot a stone.
The stone closely misses the spiny frog.
Firing (i - inventory. (/) - cycle)
a - 48 stones (quivered)
Press: ? - help, Shift-Dir - straight line, f/p - spiny frog
Aim: a spiny frog (noxious fumes, moderately wounded)
You shoot a stone.
The stone hits the spiny frog but does no damage.
The spiny frog is moderately wounded.
Firing (i - inventory. (/) - cycle)
a - 47 stones (quivered)
Press: ? - help, Shift-Dir - straight line, f/p - spiny frog
Aim: a spiny frog (noxious fumes, moderately wounded)
You shoot a stone. The stone hits the spiny frog.
The spiny frog is moderately wounded.
A death yak comes into view.
Casting: Mephitic Cloud (mildly dangerous; 2% risk of failure)
Confirm with . or Enter, or press ? or * to list all spells.
You blink.
The death yak gores you!
* * * LOW HITPOINT WARNING * * *
Found a scroll of noise.
Casting: Blink (safe; 3% risk of failure)
Confirm with . or Enter, or press ? or * to list all spells.
You blink.
A blink frog comes into view.
You see here a stone.
The blink frog croaks.
Things that are here:
6 stones; a blink frog corpse
Things that are here:
2 stones; a blink frog corpse
There is a stone staircase leading up here.
Unknown command.
Unknown command.
Unknown command.
Unknown command.
There are monsters nearby!
The blink frog blinks!
The spiny frog stings you!!
* * * LOW HITPOINT WARNING * * *
You climb upwards.
The spiny frog completely misses you. The five-headed hydra misses you.
The five-headed hydra bites you.
* * * LOW HITPOINT WARNING * * *
The five-headed hydra bites you but does no damage.
The five-headed hydra bites you.
* * * LOW HITPOINT WARNING * * *
The five-headed hydra barely misses you.
The bullfrog completely misses you. The spiny frog closely misses you.
The five-headed hydra bites you.
* * * LOW HITPOINT WARNING * * *
The five-headed hydra bites you but does no damage.
The five-headed hydra misses you. The five-headed hydra bites you!
You die...

##.* ##* #####.##### ####.##
###..P...##.#######.....P
##.............#.........#
##.........PPPP##.........#
#P..........PP............# ###
##.........P...#..........#
###.###........F.F.............∩.
P.P.............@Dt.............#
........÷...........#............
..##.#.............####F.........
#######P##.P....##..# #.)........
#####..#..##### #.........#
####.#.# ##.#......P# #####
#.#.##P...P# ####* #...........
.<..###* ##$.........#


You could see a five-headed hydra, a spiny frog, a crocodile and a bullfrog.

Vanquished Creatures
  A dire elephant (Gauntlet)
  A minotaur (Gauntlet)
  5 hydras
  A catoblepas (Lair:4)
  A queen ant (Lair:2)
  A two-headed ogre (D:8)
  Urug (Lair:4)
  Pikel (D:7)
  3 ugly things
  2 elephants (Gauntlet)
  A black mamba (Lair:3)
  11 spiny frogs
  A torpor snail (Lair:2)
  A kobold demonologist (D:11)
  A rime drake (Lair:4)
  4 komodo dragons
  2 polar bears (Lair:3)
  A jumping spider (Lair:3)
  A troll (D:9)
  2 bog bodies (Lair:4)
  30 blink frogs
  18 hippogriffs
  7 dream sheep
  3 redbacks (Lair:3)
  3 shadows
  7 wyverns
  15 yaks
  A ynoxinul (Gauntlet)
  7 basilisks
  A hungry ghost (D:10)
  20 soldier ants (Lair:2)
  An acid dragon (D:9)
  8 water moccasins
  2 black bears
  7 porcupines
  3 sky beasts
  A hornet zombie (D:11)
  3 orc warriors
  A slave (D:8)
  2 necrophages
  3 ice beasts
  6 ogres
  A phantom (D:4)
  2 centaurs
  12 crocodiles
  9 bullfrogs
  A wyvern zombie (D:11)
  A scorpion (D:11)
  5 killer bees
  5 wights
  3 electric eels
  3 howler monkeys
  9 crimson imps
  A quasit (D:8)
  3 centaur skeletons
  3 orc priests (D:10)
  2 iron imps (Gauntlet)
  9 orc wizards
  A bullfrog skeleton (D:11)
  5 hounds
  Natasha (thrice) (D:2)
  Ijyb (D:4)
  20 worker ants
  A hound zombie (D:8)
  A hound skeleton (D:7)
  A howler monkey skeleton (D:7)
  12 adders
  4 gnolls (D:2)
  5 shadow imps
  2 adder zombies
  3 worms
  4 dart slugs
  8 leopard geckos
  42 orcs
  5 bats
  5 giant cockroaches
  14 goblins
  11 hobgoblins
  7 jackals
  13 kobolds
  5 quokkas
  A quokka skeleton (D:4)
  9 rats
  A fungus (Lair:2)
444 creatures vanquished.

Vanquished Creatures (collateral kills)
  A jumping spider (Lair:3)
1 creature vanquished.

Vanquished Creatures (others)
  A killer bee (D:11)
  An adder (D:8)
  20 fungi
  16 plants
38 creatures vanquished.

Grand Total: 483 creatures vanquished

Notes
Turn   | Place    | Note
-------+----------+-------------------------------------------
     0 | D:1      | Amnesiac the Deep Elf Wizard began the quest for the Orb.
     0 | D:1      | Reached XP level 1. HP: 10/10 MP: 7/7
   136 | D:1      | Reached XP level 2. HP: 12/15 MP: 0/9
   588 | D:2      | Reached XP level 3. HP: 19/19 MP: 2/11
   592 | D:2      | Learned a level 2 spell: Blink
   595 | D:2      | Learned a level 2 spell: Call Imp
   599 | D:2      | Learned a level 3 spell: Conjure Flame
   603 | D:2      | Learned a level 3 spell: Mephitic Cloud
  1095 | D:2      | Reached XP level 4. HP: 24/24 MP: 5/12
  1211 | D:3      | Reached skill level 5 in Spellcasting
  1670 | D:4      | Noticed a phantom
  1709 | D:4      | Killed a phantom
  1709 | D:4      | Reached XP level 5. HP: 8/28 MP: 0/15
  2031 | D:4      | Found a shadowy altar of Dithmenos.
  2038 | D:4      | Found a shimmering altar of Xom.
  2039 | D:4      | Found an ornate altar of the Wu Jian Council.
  2040 | D:4      | Found a hide-covered altar of Uskayaw.
  2041 | D:4      | Found a glowing golden altar of the Shining One.
  2054 | D:4      | Became a worshipper of Dithmenos the Shadowed
  3208 | D:2      | Noticed Natasha
  3212 | D:2      | Killed Natasha
  3212 | D:2      | Reached skill level 5 in Conjurations
  3212 | D:2      | Reached XP level 6. HP: 26/32 MP: 9/17
  3536 | D:2      | Reached * piety under Dithmenos
  3751 | D:2      | Noticed Natasha
  3754 | D:2      | Killed Natasha
  3861 | D:2      | Noticed Natasha
  4413 | D:2      | Killed Natasha
  5073 | D:4      | Noticed Ijyb
  5080 | D:4      | Killed Ijyb
  6071 | D:5      | Entered Level 5 of the Dungeon
  6132 | D:5      | Reached XP level 7. HP: 36/36 MP: 13/20
  6528 | D:5      | Found a sparkling altar of Nemelex Xobeh.
  7390 | D:5      | Got a polished falchion
  7816 | D:6      | Reached skill level 10 in Spellcasting
  7902 | D:6      | Reached XP level 8. HP: 41/41 MP: 14/24
  8065 | D:6      | Found a staircase to the Ecumenical Temple.
  8066 | D:6      | Found Kuduotacu's Gadget Emporium.
  8094 | D:6      | Found a sacrificial altar of Ru.
  8154 | D:6      | Reached ** piety under Dithmenos
  8844 | D:7      | Got a faintly glowing hunting sling
  9204 | D:7      | Reached skill level 1 in Invocations
  9204 | D:7      | Reached skill level 1 in Evocations
  9815 | D:7      | Found a stormy altar of Qazlal.
  9815 | D:7      | Found a shimmering blue altar of Sif Muna.
 10157 | D:8      | Noticed Pikel
 10182 | D:7      | Killed Pikel
 10182 | D:7      | Reached XP level 9. HP: 21/45 MP: 2/26
 10600 | D:8      | Noticed a two-headed ogre
 10615 | D:8      | Killed a two-headed ogre
 11416 | D:9      | Found an iron altar of Okawaru.
 11575 | D:9      | Noticed a troll
 11616 | D:9      | Killed a troll
 11770 | D:9      | Identified the cursed +3 falchion "Royxt" {holy, Int+4
                  | Dex+5} (You found it on level 5 of the Dungeon)
 11775 | D:9      | Reached *** piety under Dithmenos
 11777 | D:9      | Identified the +9 hunting sling "Deuth" {speed, rF++} (You
                  | found it on level 7 of the Dungeon)
 13081 | D:9      | Reached skill level 1 in Slings
 13144 | D:9      | Reached XP level 10. HP: 48/48 MP: 24/27
 13166 | D:9      | Reached skill level 2 in Slings
 13259 | D:9      | Reached skill level 3 in Slings
 13329 | D:9      | Found a staircase to the Lair.
 13554 | D:10     | Entered Level 10 of the Dungeon
 13716 | D:10     | Reached skill level 4 in Slings
 14038 | D:10     | Reached skill level 1 in Fighting
 14432 | D:10     | Found a staircase to the Orcish Mines.
 14450 | D:10     | Reached skill level 5 in Slings
 14498 | D:10     | Found a portal to a secret trove of treasure.
 14977 | D:11     | Noticed a red ugly thing
 15269 | D:11     | Noticed a brown ugly thing
 15300 | D:10     | Killed a brown ugly thing
 15300 | D:10     | Reached skill level 6 in Slings
 15364 | D:11     | Killed a red ugly thing
 15372 | D:11     | Noticed a skeletal warrior
 15373 | D:11     | Noticed a skeletal warrior
 15575 | D:11     | Noticed a green ugly thing
 15598 | D:11     | Killed a green ugly thing
 15723 | D:11     | Reached XP level 11. HP: 32/60 MP: 23/28
 16021 | D:11     | Noticed a skeletal warrior
 16038 | D:11     | Reached **** piety under Dithmenos
 16038 | D:11     | Reached skill level 7 in Slings
 16514 | D:11     | Noticed a skeletal warrior
 16558 | D:10     | HP: 3/60 [poisoned by a killer bee]
 16566 | D:10     | HP: 3/60 [poisoned by a killer bee]
 17073 | Orc:1    | Entered Level 1 of the Orcish Mines
 17090 | Orc:1    | Noticed an orc sorcerer
 17106 | Orc:1    | Noticed a stone giant
 17458 | Lair:1   | Entered Level 1 of the Lair of Beasts
 17589 | Lair:1   | HP: 1/61 [blink frog (9)]
 17839 | Lair:1   | Reached skill level 8 in Slings
 18957 | Lair:2   | Noticed an eight-headed hydra
 18966 | Lair:1   | Reached skill level 5 in Fighting
 19414 | Lair:2   | Reached skill level 9 in Slings
 19414 | Lair:2   | Reached skill level 5 in Stealth
 20051 | Lair:2   | Reached XP level 12. HP: 40/69 MP: 16/29
 20628 | Lair:2   | Killed an eight-headed hydra
 21220 | Lair:2   | Reached ***** piety under Dithmenos
 21282 | Lair:2   | Reached skill level 10 in Slings
 21392 | Lair:2   | Noticed a queen ant
 21420 | Lair:2   | Killed a queen ant
 22407 | D:9      | Fell from the grace of Dithmenos
 22407 | D:9      | Became a worshipper of Warmaster Okawaru
 22576 | Lair:3   | Noticed a four-headed hydra
 22592 | Lair:2   | Killed a four-headed hydra
 22856 | Lair:3   | Reached * piety under Okawaru
 22880 | Lair:3   | Found a hole to the Spider Nest.
 22906 | Lair:3   | Reached skill level 11 in Slings
 23350 | Lair:3   | Reached ** piety under Okawaru
 23971 | Lair:3   | Noticed a rakshasa
 23971 | Lair:3   | Noticed a catoblepas
 24058 | Lair:4   | Noticed a seven-headed hydra
 24070 | Lair:4   | Killed a seven-headed hydra
 24347 | Lair:4   | Reached skill level 12 in Slings
 24350 | Lair:4   | Learned a level 1 spell: Apportation
 24378 | Lair:4   | Reached XP level 13. HP: 74/74 MP: 30/30
 24393 | Lair:4   | Reached *** piety under Okawaru
 24408 | Lair:4   | Found a staircase to the Swamp.
 24563 | Lair:4   | Reached skill level 10 in Conjurations
 24837 | Lair:4   | Reached skill level 5 in Invocations
 24881 | Lair:4   | Reached **** piety under Okawaru
 25128 | Lair:4   | Noticed Urug
 25180 | Lair:4   | Killed Urug
 25749 | Lair:4   | Got a twisted ring mail
 25973 | Lair:4   | Reached ***** piety under Okawaru
 25973 | Lair:4   | Reached skill level 10 in Dodging
 26185 | Lair:4   | You fall into a shaft and drop 2 floors!
 26185 | Lair:6   | Entered Level 6 of the Lair of Beasts
 26206 | Lair:5   | Received a gift from Okawaru
 26343 | Lair:5   | Found a gate leading to a gauntlet.
 26352 | Gauntlet | Entered a Gauntlet
 26352 | Gauntlet | Found a transporter.
 26352 | Gauntlet | Found a transporter.
 26445 | Gauntlet | Found a transporter.
 26453 | Gauntlet | Found a transporter.
 26459 | Gauntlet | Found a transporter.
 26467 | Gauntlet | Noticed a death ooze
 26469 | Gauntlet | Found a transporter.
 26469 | Gauntlet | Found a transporter.
 26469 | Gauntlet | Noticed a dire elephant
 26493 | Gauntlet | Found a transporter.
 26500 | Gauntlet | Found a transporter.
 26512 | Gauntlet | Found a transporter.
 26521 | Gauntlet | Found a transporter.
 26530 | Gauntlet | Found a transporter.
 26804 | Gauntlet | Found a transporter.
 26818 | Gauntlet | Found a transporter.
 26918 | Gauntlet | Found a transporter.
 26936 | Gauntlet | Found a transporter.
 27151 | Gauntlet | Was forgiven by Dithmenos
 27685 | Gauntlet | Got a shimmering cloak
 27706 | Gauntlet | Identified the +2 cloak of the Accordion {rN+} (You found
                  | it in a Gauntlet)
 27713 | Gauntlet | Identified the +1 ring mail of Feasting {MR++ Str+3} (You
                  | found it on level 4 of the Lair of Beasts)
 28024 | Gauntlet | Killed a dire elephant
 28365 | Gauntlet | Identified the cursed +1 dire flail "Laih Rep" {freeze,
                  | Fragile Int+3 SInv}
 28365 | Gauntlet | Identified the ring "Ytim Ele" {Wiz SInv}
 28365 | Gauntlet | Noticed a minotaur
 28394 | Gauntlet | Killed a minotaur
 28394 | Gauntlet | Received a gift from Okawaru
 28498 | Gauntlet | Identified the Tome of Enchantment
 28499 | Gauntlet | Got a fine robe
 28722 | Lair:5   | Slain by a five-headed hydra

Levels and vault maps discovered:
D:1:      matt_arrival_diagonals, layout_basic, minmay_pentomino_v4
D:2:      layout_basic, uniq_natasha
D:3:      layout_basic, dk_noncrumbling_2
D:4:      layout_basic, minitemple, first_ration, kennysheep_donut, uniq_ijyb
D:5:      layout_basic, nemelex_xobeh_ov_fountains_minmay, serial_curves,
          eino_curves_01, eino_curves_04
D:6:      layout_loops_ring, kennysheep_mini_moat, minmay_temple_entry_glass,
          serial_shops, shop
D:7:      layout_basic, gammafunk_temple_overflow_pools
D:8:      layout_gridville, uniq_pikel
D:9:      layout_long_grid, nicolae_overflow_hidden_temple, erik_lair_dragon
D:10:     layout_loops_corners, orc_0_dummy, enter_trove_1
D:11:     layout_basic, special_room [special_room_bee]
Lair:1:   layout_gridlike
Lair:2:   layout_regular_city, minivault_29, serial_bayou_shore_a
Lair:3:   layout_roguey, nicolae_spider_entry_tight_spaces, minivault_24,
          gammafunk_lair_bear_cave
Lair:4:   layout_loops_ring, skrybe_swamp_entry_bodies, special_room
          [special_room_mythical_zoo], infiniplex_staircase_pool,
          grunt_megastairs_5, uniq_urug
Lair:5:   layout_roguey, gauntlet_entry_generic, lemuel_another_geyser,
          grunt_megastairs_4
Lair:6:   due_jungle_book, layout_misc_corridors, minmay_slime_entry_oklob_open,
          serial_bayou_shore_b
Orc:1:    layout_caves

Skill      XL: |  1  2  3  4  5  6  7  8  9 10 11 12 13 |
---------------+----------------------------------------+-----
Conjurations   | 2 3 4 5 6 7 9 10 | 10.0
Spellcasting   | 6 8 10 11 | 11.0
Invocations    | 4 8 |  8.0
Evocations     | 4 |  4.0
Dodging        | 3 8 11 | 11.3
Slings         | 1 6 9 12 | 12.0
Fighting       | 3 5 6 |  6.0
Stealth        | 5 8 |  8.0
Summonings     | |  1.1
Translocations | |  1.1

Action                   |  1- 3 |  4- 6 |  7- 9 | 10-12 | 13-15 || total
-------------------------+-------+-------+-------+-------+-------++-------
Melee: Unarmed           |     6 |       |       |       |       ||     6
       Dagger            |       |       |    12 |       |       ||    12
       Falchion          |       |       |     5 |       |       ||     5
       Hunting sling     |       |       |       |       |     3 ||     3
 Fire: Hunting sling     |       |       |    18 |  1571 |   643 ||  2232
Throw: Dart              |       |     1 |     4 |     1 |     2 ||     8
 Cast: Magic Dart        |    73 |   190 |   373 |     1 |     3 ||   640
       Blink             |       |     2 |       |    16 |     8 ||    26
       Mephitic Cloud    |       |     1 |    14 |    31 |    30 ||    76
       Conjure Flame     |       |       |    10 |     3 |       ||    13
       Call Imp          |       |       |     5 |     8 |       ||    13
Evoke: Wand              |       |       |     5 |     1 |     1 ||     7
  Use: Scroll            |     1 |       |     1 |    13 |     2 ||    17
       Potion            |       |       |       |    13 |     3 ||    16
  Eat: Chunk             |       |    12 |    14 |    31 |     5 ||    62
       Ration            |       |     1 |     2 |     1 |     2 ||     6
Armor: Robe              |     2 |     1 |    13 |    13 |    19 ||    48
Dodge: Dodged            |    15 |    16 |   123 |   183 |   116 ||   453
       Rpst.: Falchion   |       |       |     1 |       |       ||     1

Table legend:
 A = Non-vault XP
 B = Vault XP
 C = Vault XP percentage of total XP
 D = Non-vault monster count
 E = Vault monster count
 F = Vault count percentage of total count
                 A         B        C        D         E       F
            +---------+---------+-------+---------+---------+-------
      Total |   38878 |   19053 |  32.9 |     347 |      94 |  21.3
            +---------+---------+-------+---------+---------+-------
        D:1 |      51 |       7 |  12.1 |      28 |       4 |  12.5
        D:2 |     255 |      37 |  12.7 |      34 |       1 |   2.9
        D:3 |      58 |       0 |   0.0 |      17 |       0 |   0.0
        D:4 |     270 |      36 |  11.8 |       5 |       1 |  16.7
        D:5 |     584 |       0 |   0.0 |      27 |       0 |   0.0
        D:6 |     341 |       0 |   0.0 |      13 |       0 |   0.0
        D:7 |     658 |     586 |  47.1 |      16 |       1 |   5.9
        D:8 |    1572 |       0 |   0.0 |      18 |       0 |   0.0
        D:9 |     758 |    1084 |  58.8 |       7 |       6 |  46.2
       D:10 |    3375 |       0 |   0.0 |      41 |       0 |   0.0
       D:11 |    2591 |      96 |   3.6 |      25 |       3 |  10.7
     Lair:1 |    4805 |       0 |   0.0 |      23 |       0 |   0.0
     Lair:2 |    7837 |    4590 |  36.9 |      29 |      40 |  58.0
     Lair:3 |    3105 |    1864 |  37.5 |      13 |       8 |  38.1
     Lair:4 |    9072 |    6886 |  43.2 |      32 |      20 |  38.5
     Lair:5 |     522 |       0 |   0.0 |       3 |       0 |   0.0
     Lair:6 |    2885 |     386 |  11.8 |      12 |       3 |  20.0
      Orc:1 |     139 |       0 |   0.0 |       4 |       0 |   0.0
   Gauntlet |       0 |    3481 | 100.0 |       0 |       7 | 100.0
            +---------+---------+-------+---------+---------+-------
